 Dungeon Crawl Stone Soup version 0.31-a0-728-g01b46875f1 (webtiles) character file.

Game seed: 1473443286102779539

131 inmateoo the Shield-Bearer (level 4, -1/41 HPs)
             Began as a Minotaur Fighter on Sept 11, 2023.
             Slain by a mummy (3 damage)
             ... on level 3 of the Dungeon.
             The game lasted 00:01:17 (1057 turns).

inmateoo the Shield-Bearer (Minotaur Fighter)       Turns: 1057, Time: 00:01:17

Health: -1/41      AC:  7    Str: 23    XL:     4   Next: 91%
Magic:  3/3        EV: 10    Int:  5    God:
Gold:   119        SH:  5    Dex: 15    Spells: 3/3 levels left

rFire   . . .        a - +0 war axe
rCold   . . .        c - +0 buckler
rNeg    . . .        b - +0 scale mail
rPois   .            (helmet restricted)
rElec   .            (no cloak)
rCorr   .            (no gloves)
SInv    .            (no boots)
Will    .....        (no amulet) Stlth
                     f - +6 ring of dexterity
HPRegen 0.26/turn    (no ring)
MPRegen 0.08/turn

%: no passive effects
@: mighty
A: horns 2, retaliatory headbutt
a: no special abilities


You were on level 3 of the Dungeon.
You visited 1 branch of the dungeon, and saw 3 of its levels.

You collected 119 gold pieces.

Inventory:

Hand Weapons
 a - a +0 war axe (weapon)
Armour
 b - a +0 scale mail (worn)
 c - a +0 buckler (worn)
Jewellery
 f - a +6 ring of dexterity (left hand)
 k - an amulet of the acrobat
Scrolls
 g - 3 scrolls of teleportation {unknown}
 h - a scroll of brand weapon {unknown}
 i - 2 scrolls of identify {unknown}
 j - a scroll of poison {unknown}
 n - a scroll of fear {unknown}
 o - a scroll of immolation {unknown}
Potions
 d - 3 potions of might
 e - a potion of attraction {unknown}
 l - a potion of lignification {unknown}
 m - 2 potions of curing {unknown}
 p - a potion of ambrosia {unknown}


   Skills:
 + Level 4.3 Fighting
 * Level 4.0 Axes
 + Level 4.3 Armour
 + Level 1.8 Dodging
 + Level 4.3 Shields


You had 3 spell levels left.
You didn't know any spells.
Your spell library contained the following spells:

 Spells                   Type           Power      Damage    Failure   Level
 Summon Forest            Summ/Tloc      0%         N/A       100%        5
 Summon Mana Viper        Hex/Summ       0%         N/A       100%        5
 Summon Cactus Giant      Summ           0%         N/A       100%        6


Dungeon Overview and Level Annotations

Branches:
Dungeon (3/15)

Altars:
Qazlal

Shops:
D:3 (


Innate Abilities, Weirdness & Mutations

You have a pair of horns on your head.
You reflexively headbutt those who attack you in melee.


Message History

You are too injured to fight recklessly!
You hit the orc priest. You headbutt the orc priest.
You kill the orc priest!
You barely miss the orc. You hit the orc but do no damage.
You block the orc's attack. The orc hits you but does no damage.
Your Axes skill increases to level 4!
You closely miss the orc.
The orc is severely wounded.
You closely miss the orc.
The orc hits you with a +4 short sword of electrocution.
The orc hits you but does no damage.
You are too injured to fight recklessly!
Something completely misses you. The orc barely misses you.
The orc hits you but does no damage.
You miss something. You hit the orc. You slash the orc!
You kill the orc!
You block something's attack. The orc barely misses you.
You furiously retaliate!
You headbutt the orc!
You kill the orc!
Something hits you but does no damage.
You closely miss something. Your headbutt misses something.
Something hits you but does no damage.
You closely miss something. You headbutt something!
You hear some strange, mumbled words.
Something tries to affect you, but you resist.
Something hits you but does no damage.
You closely miss something. Your headbutt misses something. You hit the mummy.
The mummy hits you!
* * * LOW HITPOINT WARNING * * *
Something hits you.
* * * LOW HITPOINT WARNING * * *
Unknown command.
You feel very mighty all of a sudden. Something hits you but does no damage.
The mummy hits you but does no damage.
You miss something. Your headbutt misses something. You barely miss the mummy.
Something hits you but does no damage.
You slash the mummy!
The mummy is severely damaged.
You hit something. You block something's attack. The mummy hits you.
You die...

......#.##.# #..#
###.....##.# ...# #
##†...##.####..#
#####.#.#.......#
##..............#
..).)...........# ##..
............?...###.....
................)M......
................@#..o.
...............)){......
...............###......
.........####### ####..
.........# .#.......#
##.###... #. #...


You could see a mummy.

Vanquished Creatures
  An orc priest (D:3)
  3 adders (D:2)
  5 dart slugs
  2 orcs (D:3)
  3 ball pythons
  5 endoplasms
  A giant cockroach (D:3)
  7 hobgoblins
  5 jackals
  6 kobolds
  3 quokkas
  6 bats
  3 frilled lizards
  6 goblins
  4 rats
60 creatures vanquished.

Notes
Turn   | Place    | Note
-------+----------+-------------------------------------------
     0 | D:1      | inmateoo the Minotaur Fighter began the quest for the Orb.
     0 | D:1      | Reached XP level 1. HP: 19/19 MP: 0/0
   180 | D:1      | Reached XP level 2. HP: 26/27 MP: 1/1
   303 | D:1      | Reached skill level 1 in Dodging
   427 | D:2      | Reached XP level 3. HP: 31/33 MP: 2/2
   670 | D:2      | Reached XP level 4. HP: 40/40 MP: 3/3
   886 | D:2      | Found a stormy altar of Qazlal.
  1002 | D:3      | Found Yguwang's Weapon Boutique.
  1054 | D:3      | HP: 1/41 [something (3)]
  1057 | D:3      | Slain by a mummy

Illustrated notes

Levels and vault maps discovered:
D:1:      wander_arrival_chamber, layout_rooms
D:2:      layout_basic, basic_altar, grunt_ministairs_7,
          kennysheep_generic_room_12
D:3:      layout_rooms, slow_altar_1, serial_shops, shop_statue,
          bh_walls_and_bars

Skill      XL: |  1  2  3  4 |
---------------+-------------+-----
Axes           | 3 4 |  4.0
Dodging        | 1 |  1.8
Fighting       | 4 |  4.3
Armour         | 4 |  4.3
Shields        | 4 |  4.3

Action                     |  1- 3 |  4- 6 || total
---------------------------+-------+-------++-------
  Melee: War axe           |    69 |    32 ||   101
         Headbutt          |     8 |     4 ||    12
    Use: Potion            |       |     1 ||     1
 Armour: Scale mail        |    45 |    19 ||    64
  Dodge: Dodged            |    44 |    15 ||    59
  Block: Buckler           |    17 |    12 ||    29

Table legend: (Time is in decaauts)
 A = Elapsed time spent in this place.
 B = Non-inter-level travel time spent in this place.
 C = Inter-level travel time spent in this place.
 D = Time resting spent in this place.
 E = Time spent auto-exploring this place.
 F = Levels seen in this place.
 G = Mean time per level.
                   A        B        C        D        E       F      G
               +--------+--------+--------+--------+--------+-----+--------+
         Total |   1093 |   1075 |     18 |      0 |    769 |   3 |  364.3 |
       Dungeon |   1093 |   1075 |     18 |      0 |    769 |   3 |  364.3 |
               +--------+--------+--------+--------+--------+-----+--------+

Top non-repeatable levels by time:
     D:2: 560 daAuts
     D:1: 431 daAuts
     D:3: 101 daAuts
